 Dungeon Crawl Stone Soup version 0.23.2-40-g277498a001 (webtiles) character file.

Game seed: 12525755858841981494

499 Exodus22XD the Thaumaturge (level 6, 0/72 HPs)
             Began as a Deep Elf Wizard on Sept 20, 2019.
             Succumbed to a scorpion's poison
             ... on level 4 of the Dungeon.
             The game lasted 00:09:23 (3286 turns).

Exodus22XD the Thaumaturge (Deep Elf Wizard)        Turns: 3286, Time: 00:09:24

Health: 0/72       AC: 30    Str:  9    XL:     6   Next: 94%
Magic:  1/19       EV:  2    Int: 25    God:
Gold:   125        SH:  0    Dex: 13    Spells: 11/22 levels left

rFire    . . .     SeeInvis .   g - +1 dagger (protect)
rCold    . . .     Gourm    .   (no shield)
rNeg     + + +     Faith    .   (armour currently unavailable)
rPois    +         Spirit   .   (helmet currently unavailable)
rElec    .         Reflect  .   (cloak currently unavailable)
rCorr    .         Harm     .   (gloves currently unavailable)
MR       .....     NoTele   +   (boots currently unavailable)
Stlth    ..........             (no amulet)
HPRegen  0.22/turn              o - ring of poison resistance
MPRegen  0.16/turn              q - ring of flight

@: berserking, lethally poisoned (0 -> -2), tree-form, protection aura, hasted,
very quick
A: no striking features
a: no special abilities


You were on level 4 of the Dungeon.
You were not hungry.
You were a tree.
You visited 1 branch of the dungeon, and saw 4 of its levels.

You collected 125 gold pieces.

Inventory:

Hand Weapons
 g - a +1 dagger of protection (weapon)
Armour
 a - a +0 robe (melded)
 b - a +0 hat (melded)
Jewellery
 o - a ring of poison resistance (left branch)
 q - a ring of flight (right branch)
Scrolls
 c - 8 scrolls of identify {unknown}
 e - 5 scrolls of teleportation {unknown}
 h - 4 scrolls of enchant weapon {unknown}
 j - 3 scrolls of amnesia {unknown}
 k - a scroll of remove curse {unknown}
 m - a scroll of random uselessness {unknown}
 p - a scroll of blinking {unknown}
Potions
 i - a potion of invisibility {unknown}
 l - a potion of lignification
Comestibles
 d - 4 rations
 r - 2 chunks of flesh


   Skills:
 - Level 2.4 Dodging
 - Level 2.4 Stealth
 * Level 8.6 Spellcasting
 - Level 5.0 Conjurations
 + Level 1.3 Summonings
 - Level 1.1 Translocations


You had 11 spell levels left.
You knew the following spells:

 Your Spells              Type           Power        Failure   Level  Hunger
a - Magic Dart            Conj           ####         1%          1    None
b - Call Imp              Summ           ###.....     4%          2    None
c - Blink                 Tloc           N/A          5%          2    None
d - Conjure Flame         Conj/Fire      ###.....     6%          3    None
e - Mephitic Cloud        Conj/Pois/Air  ###.....     9%          3    None

Your spell library contained the following spells:

 Spells                   Type           Power        Failure   Level  Hunger
 Slow                     Hex            ##......     9%          2    None


Dungeon Overview and Level Annotations

Branches:
Dungeon (4/15)
 Temple: D:4-7

Altars:
Cheibriados
Hepliaklqana
Makhleb


Message History

The scorpion stings you but does no damage.
Your crimson imp hits the scorpion but does no damage.
It was a potion of berserk rage.
A red film seems to cover your vision as you go berserk!
You feel yourself moving faster!
You feel mighty!
The iguana seems less confused.
Your crimson imp barely misses the scorpion.
The frilled lizard bites you but does no damage.
The bullfrog skeleton hits you.
* * * LOW HITPOINT WARNING * * *
The scorpion stings you but does no damage.
You puncture the scorpion!
You kill the scorpion!
The bullfrog skeleton hits you but does no damage.
The frilled lizard bites you but does no damage.
You cannot move.
You cannot move.
You cannot move.
You barely miss the bullfrog skeleton.
You die...

......##... ..........#
..........# ..........# # ....
........# #.# ....... ......#
#.##### .......
#l.#.###.....##+## .......
#♣#.............# .......
######5Z.............#
.......###.....5..............#
...........l..................#
..................###+##...#'##
..###.......l....###+##.....###
#...........>.............#
#...........##.......####.#
.###...........##.......# #.#


You could see an iguana, a frilled lizard, a bullfrog skeleton and 2 friendly
crimson imps.

Vanquished Creatures
  An ogre (D:4)
  A scorpion (D:4)
  A bullfrog skeleton (D:4)
  An orc priest (D:3)
  An iguana (D:4)
  An orc wizard (D:3)
  A gnoll (D:1)
  5 adders
  3 oozes
  2 adder skeletons (D:4)
  4 worms
  4 dart slugs
  13 orcs (D:3)
  3 giant cockroaches
  7 hobgoblins
  5 jackals
  6 kobolds
  2 ball pythons (D:1)
  10 bats
  3 frilled lizards
  5 goblins
  10 rats
89 creatures vanquished.

Vanquished Creatures (collateral kills)
  A phantom (D:4)
1 creature vanquished.

Grand Total: 90 creatures vanquished

Notes
Turn   | Place    | Note
-------+----------+-------------------------------------------
     0 | D:1      | Exodus22XD the Deep Elf Wizard began the quest for the Orb.
     0 | D:1      | Reached XP level 1. HP: 10/10 MP: 7/7
   274 | D:1      | Reached XP level 2. HP: 15/15 MP: 5/9
   845 | D:1      | Reached XP level 3. HP: 19/19 MP: 3/10
  1052 | D:2      | Found a faded altar of an unknown god.
  1114 | D:2      | Reached XP level 4. HP: 24/24 MP: 6/12
  1203 | D:2      | Found a hazy altar of Hepliaklqana.
  1248 | D:2      | Found a burning altar of Makhleb.
  1706 | D:3      | Learned a level 2 spell: Call Imp
  1709 | D:3      | Learned a level 2 spell: Blink
  1713 | D:3      | Reached skill level 5 in Conjurations
  1718 | D:3      | Learned a level 3 spell: Conjure Flame
  1722 | D:3      | Learned a level 3 spell: Mephitic Cloud
  1939 | D:3      | Reached skill level 5 in Spellcasting
  1939 | D:3      | Reached XP level 5. HP: 28/28 MP: 7/14
  2276 | D:3      | Reached skill level 6 in Spellcasting
  2622 | D:3      | Found a snail-covered altar of Cheibriados.
  2913 | D:4      | Noticed a phantom
  2937 | D:4      | Killed a phantom
  2937 | D:4      | Reached skill level 7 in Spellcasting
  2937 | D:4      | Reached XP level 6. HP: 32/32 MP: 2/18
  3251 | D:4      | Reached skill level 8 in Spellcasting
  3284 | D:4      | HP: 1/72 [bullfrog skeleton (4)]
  3286 | D:4      | Succumbed to a scorpion's poison

Skill      XL: |  1  2  3  4  5  6 |
---------------+-------------------+-----
Conjurations   | 2 3 4 5 |  5.0
Spellcasting   | 5 7 8 |  8.6
Dodging        | |  2.4
Stealth        | |  2.4
Summonings     | |  1.3
Translocations | |  1.1

Action                   |  1- 3 |  4- 6 || total
-------------------------+-------+-------++-------
Melee: Unarmed           |     2 |       ||     2
       Dagger            |     1 |    21 ||    22
 Cast: Magic Dart        |    74 |   161 ||   235
       Call Imp          |       |     5 ||     5
       Mephitic Cloud    |       |     3 ||     3
       Conjure Flame     |       |     1 ||     1
       Blink             |       |     1 ||     1
  Use: Potion            |       |     3 ||     3
 Stab: Confused          |       |     1 ||     1
  Eat: Chunk             |       |     7 ||     7
Armor: Robe              |    13 |     4 ||    17
       Skin              |       |    23 ||    23
Dodge: Dodged            |    43 |    20 ||    63
